AoeStats
← lxnmnk Trade | B | S

Nomad

510367764Analyzed
4v4 RM · 10h ago on Sep 30, 2026· 32m 34s· 8 players
Game mode
Random Map
Map size
231×231
Population
200
Speed
Normal
Resources
Standard
Victory
Conquest
Starting age
Dark Age
Ending age
Imperial Age
RankedLock teamsTeams togetherTeam positionsShared explorationLock speedFull tech treeHidden civsTurbo modeCheats
Victory
Defeat
🇭🇰 Wu · Hong Kong SAR China
1740
+16
🇭🇰 Celts · Hong Kong SAR China
1696
+18
🇭🇰 Inca · Hong Kong SAR China
1693
+18
🇭🇰 Tatars · Hong Kong SAR China
1673
+19
🇳🇱 Goths · Netherlands
1852
-21
🇺🇦 Franks · Ukraine
1742
-18
🇳🇴 Danes · Norway
1726
-17
🇭🇺 Romans · Hungary
1662
-15
lxnmnk Trade | B | S
5:04 Loom
14:03 Feudal Age
15:09 Double-Bit Axe
17:34 Castle Age
15:24 Fishing Lines
16:47 Scale Barding Armor
17:57 Gold Mining
20:31 Husbandry
22:09 Wheelbarrow
24:26 Chain Barding Armor
24:07 Husbandry
25:07 Forging
26:49 Iron Casting
27:36 Iron Casting
28:03 Hand Cart
27:35 Town Watch
_John_
4:49 Loom
14:07 Feudal Age
18:52 Castle Age
16:45 Double-Bit Axe
18:02 Town Watch
18:53 Wheelbarrow
18:00 Horse Collar
Mystic
7:30 Loom
13:49 Feudal Age
17:22 Castle Age
16:04 Stone Mining
18:27 Scale Mail Armor
18:54 Town Watch
21:28 Double-Bit Axe
22:47 Horse Collar
25:53 Scale Barding Armor
26:05 Chain Mail Armor
27:21 Heavy Plow
27:34 Bow Saw
28:50 Wheelbarrow
29:28 Squires
32:21 Arson
Ceeelebrate
3:05 Loom
15:06 Feudal Age
19:10 Castle Age
17:07 Double-Bit Axe
20:35 Medium Warships
29:35 Horse Collar
Sakmelo
14:50 Feudal Age
18:36 Castle Age
16:52 Double-Bit Axe
17:01 Fletching
17:04 Gold Mining
17:30 Loom
18:20 Padded Archer Armor
19:52 Bodkin Arrow
20:10 Bow Saw
21:00 Leather Archer Armor
23:11 Ballistics
28:50 Wheelbarrow
hide1914
6:59 Loom
22:50 Feudal Age
27:04 Castle Age
26:01 Fishing Lines
27:39 Double-Bit Axe
28:47 Fletching
30:39 Gillnets
_luN
4:00 Loom
13:38 Feudal Age
15:16 Double-Bit Axe
17:39 Castle Age
17:15 Fishing Lines
18:40 Medium Warships
19:56 Scale Mail Armor
20:08 Forging
27:27 Fletching
27:55 Chain Mail Armor
LamarcusLawliet
10:59 Feudal Age
11:35 Double-Bit Axe
14:48 Fishing Lines
16:48 Loom
19:45 Castle Age
18:14 Fletching
18:27 Gold Mining
20:12 Stone Mining
20:47 Bow Saw
21:30 Medium Warships
21:36 Horse Collar
22:08 Bodkin Arrow
22:53 Gillnets
24:31 Forging
24:15 Town Watch
25:36 Padded Archer Armor
28:07 Heavy Plow
29:53 Ballistics
Connection lost

Rejoining the realm…

Still unreachable

The connection could not be restored.

Session expired

The server has moved on; the page needs a fresh start.